Map: Forêt cybernétique EC

Players

garitos - Winner!

  • Race: Zerg Zerg
  • League: Grandmaster
  • Spawn Location: 5:00

SuperbOwl

  • Race: Protoss Protoss
  • League: Master
  • Spawn Location: 11:00

VOD

Have the link to the VOD?

Description

Time

  • Played on: Aug. 3, 2019, 11:38 a.m.
  • Length: 2:33
Show
View Real Time Build Order
Export as new Build Order

garitos Zerg - Winner!

Build Orders: Hatch First 

Get SALT Encoding   

  12  0:00  Drone  
  13  0:12  Overlord  
  13  0:17  Drone  
  14  0:34  Drone  
  15  0:45  Drone  
  16  0:50  Hatchery  
  16  0:52  Drone  
  16  0:57  Drone  
  17  1:00  Drone  
  18  1:10  Extractor  
  17  1:18  Spawning Pool  
  16  1:22  Drone  
  17  1:41  Drone x2  
  17  1:42  Drone  
  20  2:10  Zergling x2  
  21  2:16  Zergling x2  
Show
View Real Time Build Order
Export as new Build Order

SuperbOwl Protoss 

Build Orders:  

Get SALT Encoding   

  12  0:00  Probe  
  13  0:12  Probe  
  14  0:17  Pylon  
  14  0:23  Probe  
  15  0:31  Probe  
  16  0:38  Gateway  
  16  0:39  Probe  
  17  0:51  Probe  
  18  0:57  Assimilator  
  18  1:04  Forge  
  18  1:15  Pylon  
  18  1:17  Probe  
  19  1:30  Probe  
  20  1:43  Probe  
  20  1:45  Photon Cannon  
  20  1:46  Pylon  
  21  1:54  Photon Cannon  
  21  1:56  Pylon  
  21  2:06  Photon Cannon  
  21  2:13  Photon Cannon  
  21  2:16  Pylon  
  21  2:20  Photon Cannon  
  21  2:22  Photon Cannon  
Tags
 
Add a new tag
Caveats
  • Supply blocks, unpowered buildings, or Contaminate may cause inaccurate times.
  • Supply counts are checked every 10 seconds.